WCHLSIM.com - West Coast Hockey League
html PUBLIC "-//W3C//DTD XHTML 1.0 Transitional//EN" "http://www.w3.org/TR/xhtml1/DTD/xhtml1-transitional.dtd"> WCHL - Game 247 - WINNIPEG BEAVERS vs LOS ANGELES SEALS

WINNIPEG BEAVERS vs LOS ANGELES SEALS

Created - 19 novembre 2021 at 21:25

Goals
1 2 3 T
WINNIPEG BEAVERS 0 1 0 1
LOS ANGELES SEALS 1 1 1 3
Shots
1 2 3 T
WINNIPEG BEAVERS 9 13 7 29
LOS ANGELES SEALS 13 8 8 29

1st period

1. LOS ANGELES SEALS , Tyler Johnson 8 (Matt Duchene 13, Greg Pateryn 1) at 3:11 (PP)

Penalties :
Rasmus Ristolainen (WIN) for Slashing (Minor) at 2:19, Michael Raffl (WIN) for Hooking (Minor) at 17:34

2nd period

2. LOS ANGELES SEALS , Noah Dobson 2 (Erik Haula 7, Jakob Silfverberg 6) at 9:59
3. WINNIPEG BEAVERS , Michael Raffl 1 (Jason Dickinson 5, Dylan DeMelo 4) at 19:56

Penalties :
Linus Ullmark (WIN) for Slashing (Double Minor) at 14:17 - Carson Soucy served the penalty.

3rd period

4. LOS ANGELES SEALS , Owen Tippett 3 (Radek Faksa 4) at 4:11

Penalties :
Brandon Tanev (WIN) for Hooking (Minor) at 17:12

Goalie Stats

Linus Ullmark (WIN), 26 saves from 29 shots - (0,897), L, 6-4-0, 60:00 minutes
Cal Petersen (LOS), 28 saves from 29 shots - (0,966), W, 7-6-1, 60:00 minutes

Players Stats for WINNIPEG BEAVERS

Player Name              G  A  P  +/- PIM S  H  SB GA TA FO     MP     PP MP  PK MP  
------------------------------------------------------------------------------------
Brad Marchand            0  0  0  -1  0   4  2  0  0  0  0/1    16:29   0:00   0:00 
Brandon Tanev            0  0  0  -1  2   1  2  0  0  0  1/1    17:20   0:00   0:35 
Brett Ritchie            0  0  0   0  0   0  2  0  0  0  0/0     4:25   0:00   0:00 
Carson Soucy             0  0  0   1  0   0  0  1  0  0  0/0    17:01   0:00   0:22 
David Krejci             0  0  0  -1  0   5  0  0  0  0  12/21  16:48   0:00   0:02 
Dylan DeMelo             0  1  1   1  0   1  1  3  0  0  0/0    20:07   0:00   4:08 
Ian Cole                 0  0  0   0  0   1  0  0  0  0  0/0    15:36   0:00   0:14 
Janne Kuokkanen          0  0  0   0  0   2  0  0  0  0  0/0     4:25   0:00   0:00 
Jason Dickinson          0  1  1   1  0   3  0  1  0  0  8/18   17:43   0:00   4:12 
Joe Pavelski             0  0  0  -1  0   5  0  0  0  0  1/2    16:29   0:00   0:00 
Joel Armia               0  0  0   1  0   0  1  0  0  0  0/2    17:33   0:00   4:02 
Justin Braun             0  0  0  -1  0   0  1  0  0  0  0/0    22:42   0:00   4:06 
Kris Russell             0  0  0  -1  0   0  1  0  0  0  0/0    20:29   0:00   4:33 
Michael Raffl            1  0  1   1  2   3  2  0  0  0  1/1    13:30   0:00   0:00 
Ondrej Palat             0  0  0  -1  0   2  0  0  0  0  0/0    16:46   0:00   0:00 
Rasmus Ristolainen       0  0  0  -2  2   0  3  0  0  0  0/0    24:04   0:00   4:15 
Sean Kuraly              0  0  0   0  0   1  0  0  0  0  6/11    8:38   0:00   4:13 
Travis Zajac             0  0  0  -1  0   1  1  0  0  0  8/19   21:03   0:00   4:34 

Players Stats for LOS ANGELES SEALS

Player Name              G  A  P  +/- PIM S  H  SB GA TA FO     MP     PP MP  PK MP  
------------------------------------------------------------------------------------
Adam Boqvist             0  0  0   1  0   0  0  1  0  0  0/0    23:17   3:41   0:00 
Darren Helm              0  0  0   1  0   1  0  0  0  0  1/1    10:58   0:00   0:00 
Dylan Strome             0  0  0   1  0   1  0  1  0  0  6/15   18:14   0:48   0:00 
Erik Haula               0  1  1   1  0   6  1  1  0  0  0/0    19:30   4:23   0:00 
Greg Pateryn             0  1  1  -1  0   0  1  0  0  0  0/0    17:33   3:41   0:00 
Isac Lundestrom          0  0  0   0  0   0  0  0  0  0  0/1    10:31   0:00   0:00 
Jack Roslovic            0  0  0   0  0   2  1  0  0  0  1/1    10:31   0:00   0:00 
Jakob Silfverberg        0  1  1   1  0   5  1  0  0  0  1/2    20:18   5:11   0:00 
Jaret Anderson-Dolan     0  0  0  -1  0   1  1  1  0  0  0/1    14:35   0:00   0:00 
Marcus Pettersson        0  0  0   1  0   0  4  2  0  0  0/0    18:39   0:56   0:00 
Matt Duchene             0  1  1  -1  0   0  0  0  0  0  8/17   18:13   3:38   0:00 
Noah Dobson              1  0  1   1  0   2  0  1  0  0  0/0    22:26   4:12   0:00 
Oskar Sundqvist          0  0  0   0  0   2  1  1  0  0  7/12   14:09   3:38   0:00 
Owen Tippett             1  0  1   1  0   3  1  0  0  0  0/0    10:58   0:00   0:00 
Radek Faksa              0  1  1   1  0   3  1  0  0  0  14/25  16:09   5:11   0:00 
Ryan Murray              0  0  0   1  0   0  2  2  0  0  0/0    17:34   0:48   0:00 
Tobias Bjornfot          0  0  0  -1  0   1  1  1  0  0  0/0    18:12   4:20   0:00 
Tyler Johnson            1  0  1  -1  0   2  0  0  0  0  1/1    18:13   3:38   0:00 

3 Stars

1 - Cal Petersen (LOS)
2 - Owen Tippett (LOS)
3 - Noah Dobson (LOS)

Power Play

WINNIPEG BEAVERS - 0 on 0 Attempt(s) - 0,00%
LOS ANGELES SEALS - 1 on 4 Attempt(s) - 25,00%

Penalty Kill

WINNIPEG BEAVERS - 3 on 4 Attempt(s) - 75,00% - Score 0 goal in Penalty Kill
LOS ANGELES SEALS - 0 on 0 Attempt(s) - 0,00% - Score 0 goal in Penalty Kill

Team Stat

WINNIPEG BEAVERS - Hits : 16 - Faceoff Wins : 37 - Blocked Shots : 5 - Penalty Minutes : 10
LOS ANGELES SEALS - Hits : 15 - Faceoff Wins : 39 - Blocked Shots : 11 - Penalty Minutes : 0

Official

Referees : Pierre Lambert and Peter MacDougall
Linesman : Luke Murray and Andrew Smith

Game Notes

No Game Note

Finance

Level 1 -- Attendance: 6000 (100,00%) -- Ticket Income 900 000 $
Level 2 -- Attendance: 5000 (100,00%) -- Ticket Income 495 000 $
Level 3 -- Attendance: 2000 (100,00%) -- Ticket Income 168 000 $
Level 4 -- Attendance: 3136 (78,40%) -- Ticket Income 250 880 $
Luxury Box -- Attendance: 906 (90,60%) -- Ticket Income 271 800 $
Total Attendance: 17042 (94,68%)
Total Ticket Income: 2 085 680 $
Other Expense: 20 857 $
Total Income: 2 064 823 $

WINNIPEG BEAVERS

5 vs 5 Forward 
   Center                   Left Wing                Right Wing               Time % Phy DF OF 
 1 Travis Zajac             Brad Marchand            Joe Pavelski             33     0   2  3  
 2 David Krejci             Ondrej Palat             Brandon Tanev            32     0   2  3  
 3 Jason Dickinson          Michael Raffl            Joel Armia               27     1   3  1  
 4 Sean Kuraly              Janne Kuokkanen          Brett Ritchie            8      1   3  1  

5 vs 5 Defense 
   Defense                  Defense                                           Time % Phy DF OF 
 1 Kris Russell             Rasmus Ristolainen                                32     0   3  2  
 2 Justin Braun             Ian Cole                                          31     1   3  1  
 3 Dylan DeMelo             Carson Soucy                                      31     1   3  1  
 4 Justin Braun             Rasmus Ristolainen                                6      1   3  1  

PowerPlay Forward 
   Center                   Left Wing                Right Wing               Time % Phy DF OF 
 1 David Krejci             Brad Marchand            Joe Pavelski             51     0   0  5  
 2 Janne Kuokkanen          Ondrej Palat             Brandon Tanev            49     1   0  4  

PowerPlay Defense
   Defense                  Defense                                           Time % Phy DF OF 
 1 Carson Soucy             Rasmus Ristolainen                                52     0   1  4  
 2 Dylan DeMelo             Kris Russell                                      48     0   1  4  

Penalty Kill 4 Players Forward 
   Center                   Wing                     Time % Phy DF OF 
 1 Travis Zajac             Jason Dickinson          50     0   4  1  
 2 Sean Kuraly              Joel Armia               50     0   4  1  

Penalty Kill 4 Players Defense
   Defense                  Defense                  Time % Phy DF OF 
 1 Rasmus Ristolainen       Kris Russell             53     1   4  0  
 2 Justin Braun             Dylan DeMelo             47     1   4  0  

Penalty Kill - 3 Players Forward 
   Forward                                           Time % Phy DF OF 
 1 David Krejci                                      50     1   4  0  
 2 Joe Pavelski                                      50     1   4  0  

Penalty Kill - 3 Players Defense
   Defense                  Defense                  Time % Phy DF OF 
 1 Rasmus Ristolainen       Kris Russell             50     1   4  0  
 2 Dylan DeMelo             Ian Cole                 50     1   4  0  

4 vs 4 Forward 
   Center                   Wing                     Time % Phy DF OF 
 1 David Krejci             Brad Marchand            50     0   2  3  
 2 Joe Pavelski             Ondrej Palat             50     0   2  3  

4 vs 4 Defense
   Defense                  Defense                  Time % Phy DF OF 
 1 Rasmus Ristolainen       Dylan DeMelo             50     1   2  2  
 2 Kris Russell             Carson Soucy             50     1   2  2  

Last Minutes Offensive
   Center                   Left Wing                Right Wing               Defense                  Defense                  
   Travis Zajac             Brad Marchand            Joe Pavelski             Ian Cole                 Rasmus Ristolainen       

Last Minutes Defensive
   Center                   Left Wing                Right Wing               Defense                  Defense                  
   Travis Zajac             Brad Marchand            Joe Pavelski             Ian Cole                 Rasmus Ristolainen       

Goaltenders
Starting : Linus Ullmark            
Backup : Logan Thompson           

Extra Forwards
Normal : Ondrej Palat, Brad Marchand, Joe Pavelski - PP : David Krejci, Brad Marchand - PK : Brandon Tanev
Extra Defensemen
Normal : Justin Braun, Rasmus Ristolainen, Ian Cole - PP : Kris Russell - PK : Dylan DeMelo, Rasmus Ristolainen
Penalty Shots
Brad Marchand, David Krejci, Joe Pavelski, Ondrej Palat, Janne Kuokkanen
Custom OT Lines Forwards
Brad Marchand, Travis Zajac, Joe Pavelski, Ondrej Palat, David Krejci, Janne Kuokkanen, Joel Armia, Jason Dickinson, Brandon Tanev, Sean Kuraly
Custom OT Lines Defensemen
Justin Braun, Ian Cole, Kris Russell, Rasmus Ristolainen, Dylan DeMelo

Scratches
Alexander Radulov (Lower Body Injury)

LOS ANGELES SEALS

5 vs 5 Forward 
   Center                   Left Wing                Right Wing               Time % Phy DF OF 
 1 Dylan Strome             Jakob Silfverberg        Erik Haula               36     1   2  2  
 2 Matt Duchene             Tyler Johnson            Jaret Anderson-Dolan     31     1   2  2  
 3 Radek Faksa              Darren Helm              Owen Tippett             23     1   2  2  
 4 Oskar Sundqvist          Isac Lundestrom          Jack Roslovic            10     1   2  2  

5 vs 5 Defense 
   Defense                  Defense                                           Time % Phy DF OF 
 1 Ryan Murray              Adam Boqvist                                      36     1   2  2  
 2 Noah Dobson              Marcus Pettersson                                 31     1   2  2  
 3 Tobias Bjornfot          Greg Pateryn                                      23     1   2  2  
 4 Noah Dobson              Adam Boqvist                                      10     1   2  2  

PowerPlay Forward 
   Center                   Left Wing                Right Wing               Time % Phy DF OF 
 1 Radek Faksa              Jakob Silfverberg        Erik Haula               55     1   2  2  
 2 Matt Duchene             Tyler Johnson            Oskar Sundqvist          45     1   2  2  

PowerPlay Defense
   Defense                  Defense                                           Time % Phy DF OF 
 1 Adam Boqvist             Greg Pateryn                                      55     1   2  2  
 2 Noah Dobson              Tobias Bjornfot                                   45     1   2  2  

Penalty Kill 4 Players Forward 
   Center                   Wing                     Time % Phy DF OF 
 1 Oskar Sundqvist          Matt Duchene             55     1   2  2  
 2 Jakob Silfverberg        Erik Haula               45     1   2  2  

Penalty Kill 4 Players Defense
   Defense                  Defense                  Time % Phy DF OF 
 1 Adam Boqvist             Tobias Bjornfot          55     1   2  2  
 2 Noah Dobson              Greg Pateryn             45     1   2  2  

Penalty Kill - 3 Players Forward 
   Forward                                           Time % Phy DF OF 
 1 Jakob Silfverberg                                 55     1   2  2  
 2 Matt Duchene                                      45     1   2  2  

Penalty Kill - 3 Players Defense
   Defense                  Defense                  Time % Phy DF OF 
 1 Adam Boqvist             Tobias Bjornfot          55     1   2  2  
 2 Noah Dobson              Greg Pateryn             45     1   2  2  

4 vs 4 Forward 
   Center                   Wing                     Time % Phy DF OF 
 1 Radek Faksa              Matt Duchene             55     1   2  2  
 2 Jakob Silfverberg        Erik Haula               45     1   2  2  

4 vs 4 Defense
   Defense                  Defense                  Time % Phy DF OF 
 1 Greg Pateryn             Adam Boqvist             55     1   2  2  
 2 Noah Dobson              Tobias Bjornfot          45     1   2  2  

Last Minutes Offensive
   Center                   Left Wing                Right Wing               Defense                  Defense                  
   Dylan Strome             Jakob Silfverberg        Erik Haula               Ryan Murray              Adam Boqvist             

Last Minutes Defensive
   Center                   Left Wing                Right Wing               Defense                  Defense                  
   Dylan Strome             Jakob Silfverberg        Erik Haula               Ryan Murray              Adam Boqvist             

Goaltenders
Starting : Cal Petersen             
Backup : Carter Hutton            

Extra Forwards
Normal : Jakob Silfverberg, Radek Faksa, Oskar Sundqvist - PP : Jakob Silfverberg, Radek Faksa - PK : Oskar Sundqvist
Extra Defensemen
Normal : Tobias Bjornfot, Greg Pateryn, Noah Dobson - PP : Tobias Bjornfot - PK : Greg Pateryn, Noah Dobson
Penalty Shots
Oskar Sundqvist, Matt Duchene, Jakob Silfverberg, Erik Haula, Tyler Johnson
Custom OT Lines Forwards
Dylan Strome, Matt Duchene, Jakob Silfverberg, Erik Haula, Tyler Johnson, Radek Faksa, Oskar Sundqvist, Jack Roslovic, Darren Helm, Isac Lundestrom
Custom OT Lines Defensemen
Adam Boqvist, Ryan Murray, Noah Dobson, Greg Pateryn, Tobias Bjornfot

Scratches
Kyle Clifford (Healthy), Patrick Maroon (Healthy), Christian Wolanin (Healthy), Daniel Vladar (Healthy)

% Time on Ice - WINNIPEG BEAVERS

Lines # - Real PCT - Wanted PCT - Time Play
Normal Forward
1 - 32% - 33% - 16:29
2 - 33% - 32% - 16:46
3 - 26% - 27% - 13:31
4 - 9% - 8% - 4:25
Normal Defense
1 - 31% - 32% - 15:56
2 - 30% - 31% - 15:22
3 - 31% - 31% - 15:59
4 - 8% - 6% - 3:54
PP Forward
1 - 0% - 51%
2 - 0% - 49%
PP Defense
1 - 0% - 52%
2 - 0% - 48%
PK Forward
1 - 52% - 50% - 4:34
2 - 48% - 50% - 4:15
PK Defense
1 - 53% - 53% - 4:43
2 - 47% - 47% - 4:06
PK3 Forward
1 - 0% - 50%
2 - 0% - 50%
PK3 Defense
1 - 0% - 50%
2 - 0% - 50%
44 Forward
1 - 0% - 50%
2 - 0% - 50%
44 Defense
1 - 0% - 50%
2 - 0% - 50%
Last Minute Offensive  - 0:00
Last Minute Defensive  - 0:00
Total
Forward - 60:00
Defense - 60:00

% Time on Ice - LOS ANGELES SEALS

Lines # - Real PCT - Wanted PCT - Time Play
Normal Forward
1 - 30% - 36% - 15:07
2 - 28% - 31% - 14:35
3 - 21% - 23% - 10:58
4 - 21% - 10% - 10:31
Normal Defense
1 - 33% - 36% - 16:46
2 - 35% - 31% - 17:43
3 - 27% - 23% - 13:52
4 - 6% - 10% - 2:50
PP Forward
1 - 59% - 55% - 5:11
2 - 41% - 45% - 3:38
PP Defense
1 - 42% - 55% - 3:41
2 - 58% - 45% - 5:08
PK Forward
1 - 0% - 55%
2 - 0% - 45%
PK Defense
1 - 0% - 55%
2 - 0% - 45%
PK3 Forward
1 - 0% - 55%
2 - 0% - 45%
PK3 Defense
1 - 0% - 55%
2 - 0% - 45%
44 Forward
1 - 0% - 55%
2 - 0% - 45%
44 Defense
1 - 0% - 55%
2 - 0% - 45%
Last Minute Offensive  - 0:00
Last Minute Defensive  - 0:00
Total
Forward - 60:00
Defense - 60:00

Play-by-Play

1st period


0:01 of 1st period - Dylan Strome wins face-off versus Travis Zajac in neutral zone.
0:37 of 1st period - Shot by Jakob Silfverberg.
0:37 of 1st period - Stopped by Linus Ullmark without a rebound.
0:38 of 1st period - Matt Duchene wins face-off versus David Krejci in WINNIPEG BEAVERS zone.
1:44 of 1st period - Shot by Owen Tippett.
1:44 of 1st period - Stopped by Linus Ullmark without a rebound.
1:45 of 1st period - Sean Kuraly wins face-off versus Oskar Sundqvist in WINNIPEG BEAVERS zone.
2:04 of 1st period - Shot by Jack Roslovic.
2:04 of 1st period - Stopped by Linus Ullmark with a rebound.
2:19 of 1st period - Minor Penalty to Rasmus Ristolainen for Slashing.
2:20 of 1st period - Jakob Silfverberg wins face-off versus Travis Zajac in WINNIPEG BEAVERS zone.
2:36 of 1st period - Icing by Erik Haula.
2:37 of 1st period - Sean Kuraly wins face-off versus Radek Faksa in LOS ANGELES SEALS zone.
2:48 of 1st period - Shot by Sean Kuraly.
2:48 of 1st period - Stopped by Cal Petersen without a rebound.
2:49 of 1st period - Travis Zajac wins face-off versus Matt Duchene in LOS ANGELES SEALS zone.
2:50 of 1st period - Shot by Jason Dickinson.
2:50 of 1st period - Shot Misses the Net.
2:52 of 1st period - Shot by Travis Zajac.
2:52 of 1st period - Shot Blocked by Adam Boqvist.
2:54 of 1st period - Shot by Dylan DeMelo.
2:54 of 1st period - Shot Misses the Net.
3:11 of 1st period - Shot by Matt Duchene.
3:11 of 1st period - Deflect By Tyler Johnson.
3:11 of 1st period - Goal by Tyler Johnson - WINNIPEG BEAVERS : 0 - LOS ANGELES SEALS : 1.
3:12 of 1st period - Radek Faksa wins face-off versus Travis Zajac in neutral zone.
3:16 of 1st period - Off-side.
3:17 of 1st period - Jason Dickinson wins face-off versus Dylan Strome in neutral zone.
3:26 of 1st period - Shot by Jason Dickinson.
3:26 of 1st period - Stopped by Cal Petersen without a rebound.
3:27 of 1st period - Radek Faksa wins face-off versus Travis Zajac in LOS ANGELES SEALS zone.
3:32 of 1st period - Greg Pateryn is hit by Brad Marchand.
3:38 of 1st period - Shot by Owen Tippett.
3:38 of 1st period - Stopped by Linus Ullmark without a rebound.
3:39 of 1st period - Dylan Strome wins face-off versus Jason Dickinson in WINNIPEG BEAVERS zone.
3:43 of 1st period - Icing by Carson Soucy.
3:44 of 1st period - Jason Dickinson wins face-off versus Jakob Silfverberg in WINNIPEG BEAVERS zone.
3:56 of 1st period - Joel Armia is hit by Tobias Bjornfot and loses puck.
5:23 of 1st period - Rasmus Ristolainen is hit by Jakob Silfverberg and loses puck.
5:55 of 1st period - Radek Faksa is hit by Rasmus Ristolainen and loses puck.
6:35 of 1st period - Shot by Tyler Johnson.
6:35 of 1st period - Shot Blocked by Dylan DeMelo.
6:37 of 1st period - Shot by Noah Dobson.
6:37 of 1st period - Deflect By Matt Duchene.
6:37 of 1st period - Shot Misses the Net.
6:39 of 1st period - Shot by Noah Dobson.
6:39 of 1st period - Stopped by Linus Ullmark without a rebound.
6:40 of 1st period - Oskar Sundqvist wins face-off versus Sean Kuraly in WINNIPEG BEAVERS zone.
6:53 of 1st period - Shot by Jack Roslovic.
6:53 of 1st period - Shot Misses the Net.
7:15 of 1st period - Shot by Sean Kuraly.
7:15 of 1st period - Shot Misses the Net.
7:37 of 1st period - Shot by David Krejci.
7:37 of 1st period - Stopped by Cal Petersen without a rebound.
7:38 of 1st period - Matt Duchene wins face-off versus Jason Dickinson in LOS ANGELES SEALS zone.
7:47 of 1st period - Shot by Jaret Anderson-Dolan.
7:47 of 1st period - Stopped by Linus Ullmark without a rebound.
7:48 of 1st period - Travis Zajac wins face-off versus Radek Faksa in WINNIPEG BEAVERS zone.
10:22 of 1st period - Shot by Oskar Sundqvist.
10:22 of 1st period - Shot Hit the Post.
10:42 of 1st period - Icing by Jack Roslovic.
10:43 of 1st period - Oskar Sundqvist wins face-off versus Travis Zajac in LOS ANGELES SEALS zone.
10:43 of 1st period - Oskar Sundqvist is hit by Travis Zajac.
11:38 of 1st period - Icing by Tobias Bjornfot.
11:39 of 1st period - David Krejci wins face-off versus Matt Duchene in LOS ANGELES SEALS zone.
11:42 of 1st period - Shot by Ondrej Palat.
11:42 of 1st period - Deflect By David Krejci.
11:42 of 1st period - Stopped by Cal Petersen without a rebound.
11:43 of 1st period - David Krejci wins face-off versus Dylan Strome in LOS ANGELES SEALS zone.
12:22 of 1st period - Icing by Marcus Pettersson.
12:23 of 1st period - Jason Dickinson wins face-off versus Dylan Strome in LOS ANGELES SEALS zone.
12:23 of 1st period - Jason Dickinson is hit by Marcus Pettersson.
12:28 of 1st period - Jason Dickinson is hit by Marcus Pettersson and loses puck.
13:16 of 1st period - Icing by Rasmus Ristolainen.
13:17 of 1st period - Radek Faksa wins face-off versus Jason Dickinson in WINNIPEG BEAVERS zone.
13:56 of 1st period - Joe Pavelski is hit by Radek Faksa and loses puck.
14:31 of 1st period - Shot by Tyler Johnson.
14:31 of 1st period - Shot Misses the Net.
14:42 of 1st period - Icing by Kris Russell.
14:43 of 1st period - Jack Roslovic wins face-off versus David Krejci in WINNIPEG BEAVERS zone.
15:13 of 1st period - Ondrej Palat is hit by Ryan Murray and loses puck.
15:23 of 1st period - Icing by Jack Roslovic.
15:24 of 1st period - Oskar Sundqvist wins face-off versus Jason Dickinson in LOS ANGELES SEALS zone.
15:24 of 1st period - Oskar Sundqvist is hit by Michael Raffl.
15:38 of 1st period - Shot by Jason Dickinson.
15:38 of 1st period - Shot Misses the Net.
15:40 of 1st period - Shot by Ian Cole.
15:40 of 1st period - Stopped by Cal Petersen without a rebound.
15:41 of 1st period - Travis Zajac wins face-off versus Jaret Anderson-Dolan in LOS ANGELES SEALS zone.
15:48 of 1st period - Shot by Brad Marchand.
15:48 of 1st period - Stopped by Cal Petersen with a rebound.
15:50 of 1st period - Shot by Travis Zajac.
15:50 of 1st period - Stopped by Cal Petersen with a rebound.
15:52 of 1st period - Shot by Joe Pavelski.
15:52 of 1st period - Shot Blocked by Jaret Anderson-Dolan.
15:54 of 1st period - Shot by Dylan DeMelo.
15:54 of 1st period - Stopped by Cal Petersen with a rebound.
16:40 of 1st period - Shot by Erik Haula.
16:40 of 1st period - Stopped by Linus Ullmark without a rebound.
16:41 of 1st period - Radek Faksa wins face-off versus David Krejci in WINNIPEG BEAVERS zone.
16:48 of 1st period - Shot by Radek Faksa.
16:48 of 1st period - Stopped by Linus Ullmark without a rebound.
16:49 of 1st period - David Krejci wins face-off versus Dylan Strome in WINNIPEG BEAVERS zone.
17:28 of 1st period - Shot by Ondrej Palat.
17:28 of 1st period - Shot Misses the Net.
17:30 of 1st period - Shot by Brandon Tanev.
17:30 of 1st period - Stopped by Cal Petersen without a rebound.
17:31 of 1st period - Radek Faksa wins face-off versus Jason Dickinson in LOS ANGELES SEALS zone.
17:31 of 1st period - Owen Tippett is hit by Michael Raffl.
17:34 of 1st period - Minor Penalty to Michael Raffl for Hooking.
17:35 of 1st period - Matt Duchene wins face-off versus Travis Zajac in WINNIPEG BEAVERS zone.
17:44 of 1st period - Shot by Adam Boqvist.
17:44 of 1st period - Deflect By Oskar Sundqvist.
17:44 of 1st period - Shot Misses the Net.
17:46 of 1st period - Shot by Tyler Johnson.
17:46 of 1st period - Stopped by Linus Ullmark without a rebound.
17:47 of 1st period - Sean Kuraly wins face-off versus Radek Faksa in WINNIPEG BEAVERS zone.
18:08 of 1st period - Shot by Erik Haula.
18:08 of 1st period - Stopped by Linus Ullmark with a rebound.
18:10 of 1st period - Shot by Erik Haula.
18:10 of 1st period - Stopped by Linus Ullmark with a rebound.
18:12 of 1st period - Shot by Erik Haula.
18:12 of 1st period - Deflect By Jakob Silfverberg.
18:12 of 1st period - Shot Misses the Net.
18:18 of 1st period - Shot by Jakob Silfverberg.
18:18 of 1st period - Shot Misses the Net.
18:20 of 1st period - Shot by Adam Boqvist.
18:20 of 1st period - Deflect By Jakob Silfverberg.
18:20 of 1st period - Stopped by Linus Ullmark with a rebound.
18:22 of 1st period - Shot by Erik Haula.
18:22 of 1st period - Shot Blocked by Dylan DeMelo.
18:24 of 1st period - Shot by Adam Boqvist.
18:24 of 1st period - Shot Misses the Net.
19:04 of 1st period - Shot by Oskar Sundqvist.
19:04 of 1st period - Shot Misses the Net.
19:45 of 1st period - Icing by David Krejci.
19:46 of 1st period - David Krejci wins face-off versus Oskar Sundqvist in WINNIPEG BEAVERS zone.
Goals for this period are 0 for WINNIPEG BEAVERS vs 1 for LOS ANGELES SEALS.
Shots for this period are 9 for WINNIPEG BEAVERS vs 13 for LOS ANGELES SEALS.

2nd period


0:01 of 2nd period - Matt Duchene wins face-off versus Joel Armia in neutral zone.
0:36 of 2nd period - Joel Armia is hit by Jaret Anderson-Dolan and loses puck.
1:04 of 2nd period - Shot by Jakob Silfverberg.
1:04 of 2nd period - Stopped by Linus Ullmark without a rebound.
1:05 of 2nd period - Radek Faksa wins face-off versus Travis Zajac in WINNIPEG BEAVERS zone.
1:46 of 2nd period - Shot by Brad Marchand.
1:46 of 2nd period - Shot Misses the Net.
2:21 of 2nd period - Jakob Silfverberg is hit by Dylan DeMelo and loses puck.
3:29 of 2nd period - Off-side.
3:30 of 2nd period - Oskar Sundqvist wins face-off versus Brad Marchand in neutral zone.
3:33 of 2nd period - Shot by Jack Roslovic.
3:33 of 2nd period - Shot Misses the Net.
4:33 of 2nd period - Shot by Jason Dickinson.
4:33 of 2nd period - Shot Blocked by Ryan Murray.
5:21 of 2nd period - Shot by Ondrej Palat.
5:21 of 2nd period - Shot Misses the Net.
5:37 of 2nd period - Shot by David Krejci.
5:37 of 2nd period - Stopped by Cal Petersen without a rebound.
5:38 of 2nd period - Travis Zajac wins face-off versus Matt Duchene in LOS ANGELES SEALS zone.
6:06 of 2nd period - Travis Zajac is hit by Greg Pateryn and loses puck.
6:13 of 2nd period - Shot by Brad Marchand.
6:13 of 2nd period - Stopped by Cal Petersen without a rebound.
6:14 of 2nd period - Brandon Tanev wins face-off versus Radek Faksa in LOS ANGELES SEALS zone.
6:30 of 2nd period - Icing by Owen Tippett.
6:31 of 2nd period - Jason Dickinson wins face-off versus Radek Faksa in LOS ANGELES SEALS zone.
6:40 of 2nd period - Shot by Darren Helm.
6:40 of 2nd period - Stopped by Linus Ullmark with a rebound.
7:30 of 2nd period - Erik Haula is hit by Joel Armia and loses puck.
8:50 of 2nd period - Shot by Joe Pavelski.
8:50 of 2nd period - Stopped by Cal Petersen without a rebound.
8:51 of 2nd period - Darren Helm wins face-off versus Sean Kuraly in LOS ANGELES SEALS zone.
9:00 of 2nd period - Shot by Janne Kuokkanen.
9:00 of 2nd period - Stopped by Cal Petersen without a rebound.
9:01 of 2nd period - Travis Zajac wins face-off versus Oskar Sundqvist in LOS ANGELES SEALS zone.
9:20 of 2nd period - Oskar Sundqvist is hit by Rasmus Ristolainen and loses puck.
9:35 of 2nd period - Shot by Jack Roslovic.
9:35 of 2nd period - Stopped by Linus Ullmark with a rebound.
9:48 of 2nd period - Erik Haula is hit by Justin Braun and loses puck.
9:55 of 2nd period - Shot by Erik Haula.
9:55 of 2nd period - Stopped by Linus Ullmark with a rebound.
9:57 of 2nd period - Shot by Erik Haula.
9:57 of 2nd period - Stopped by Linus Ullmark with a rebound.
9:59 of 2nd period - Shot by Noah Dobson.
9:59 of 2nd period - Goal by Noah Dobson - WINNIPEG BEAVERS : 0 - LOS ANGELES SEALS : 2.
10:00 of 2nd period - David Krejci wins face-off versus Matt Duchene in neutral zone.
10:11 of 2nd period - Shot by Ondrej Palat.
10:11 of 2nd period - Stopped by Cal Petersen without a rebound.
10:12 of 2nd period - Dylan Strome wins face-off versus Jason Dickinson in LOS ANGELES SEALS zone.
10:31 of 2nd period - Shot by Erik Haula.
10:31 of 2nd period - Shot Blocked by Jason Dickinson.
10:35 of 2nd period - Shot by Erik Haula.
10:35 of 2nd period - Shot Misses the Net.
10:48 of 2nd period - Jason Dickinson is hit by Marcus Pettersson and loses puck.
10:58 of 2nd period - Icing by Marcus Pettersson.
10:59 of 2nd period - David Krejci wins face-off versus Dylan Strome in LOS ANGELES SEALS zone.
11:06 of 2nd period - Shot by Ondrej Palat.
11:06 of 2nd period - Shot Blocked by Dylan Strome.
11:08 of 2nd period - Shot by Kris Russell.
11:08 of 2nd period - Shot Misses the Net.
11:10 of 2nd period - Shot by David Krejci.
11:10 of 2nd period - Shot Blocked by Marcus Pettersson.
11:32 of 2nd period - Shot by David Krejci.
11:32 of 2nd period - Stopped by Cal Petersen with a rebound.
11:59 of 2nd period - Shot by Joe Pavelski.
11:59 of 2nd period - Stopped by Cal Petersen without a rebound.
12:00 of 2nd period - Matt Duchene wins face-off versus Sean Kuraly in LOS ANGELES SEALS zone.
12:11 of 2nd period - Ryan Murray is hit by Brett Ritchie and loses puck.
12:20 of 2nd period - Shot by Janne Kuokkanen.
12:20 of 2nd period - Stopped by Cal Petersen without a rebound.
12:21 of 2nd period - Travis Zajac wins face-off versus Radek Faksa in LOS ANGELES SEALS zone.
12:22 of 2nd period - Shot by Brad Marchand.
12:22 of 2nd period - Stopped by Cal Petersen without a rebound.
12:23 of 2nd period - Joe Pavelski wins face-off versus Radek Faksa in LOS ANGELES SEALS zone.
12:31 of 2nd period - Icing by Greg Pateryn.
12:32 of 2nd period - David Krejci wins face-off versus Radek Faksa in LOS ANGELES SEALS zone.
12:33 of 2nd period - Shot by Ondrej Palat.
12:33 of 2nd period - Stopped by Cal Petersen without a rebound.
12:34 of 2nd period - David Krejci wins face-off versus Matt Duchene in LOS ANGELES SEALS zone.
13:34 of 2nd period - Shot by Brad Marchand.
13:34 of 2nd period - Shot Misses the Net.
13:36 of 2nd period - Shot by Joe Pavelski.
13:36 of 2nd period - Deflect By Brad Marchand.
13:36 of 2nd period - Stopped by Cal Petersen without a rebound.
13:37 of 2nd period - Radek Faksa wins face-off versus Jason Dickinson in LOS ANGELES SEALS zone.
13:57 of 2nd period - Shot by Radek Faksa.
13:57 of 2nd period - Shot Blocked by Carson Soucy.
14:00 of 2nd period - Icing by Carson Soucy.
14:01 of 2nd period - Dylan Strome wins face-off versus Jason Dickinson in WINNIPEG BEAVERS zone.
14:17 of 2nd period - Shot by Dylan Strome.
14:17 of 2nd period - Stopped by Linus Ullmark without a rebound.
14:17 of 2nd period - Double Minor Penalty to Linus Ullmark for Slashing.
14:18 of 2nd period - Sean Kuraly wins face-off versus Radek Faksa in WINNIPEG BEAVERS zone.
14:18 of 2nd period - Sean Kuraly is hit by Erik Haula.
15:57 of 2nd period - Shot by Jakob Silfverberg.
15:57 of 2nd period - Shot Hit the Post.
15:59 of 2nd period - Shot by Tobias Bjornfot.
15:59 of 2nd period - Stopped by Linus Ullmark without a rebound.
16:00 of 2nd period - Radek Faksa wins face-off versus Sean Kuraly in WINNIPEG BEAVERS zone.
16:37 of 2nd period - Off-side.
16:38 of 2nd period - Tyler Johnson wins face-off versus Travis Zajac in neutral zone.
18:26 of 2nd period - Shot by Ondrej Palat.
18:26 of 2nd period - Shot Misses the Net.
18:28 of 2nd period - Shot by Brandon Tanev.
18:28 of 2nd period - Shot Misses the Net.
18:30 of 2nd period - Shot by Brandon Tanev.
18:30 of 2nd period - Shot Blocked by Noah Dobson.
18:32 of 2nd period - Shot by Brandon Tanev.
18:32 of 2nd period - Shot Misses the Net.
18:34 of 2nd period - Shot by Carson Soucy.
18:34 of 2nd period - Shot Hit the Post.
19:10 of 2nd period - Isac Lundestrom is hit by Brett Ritchie and loses puck.
19:34 of 2nd period - Icing by Adam Boqvist.
19:35 of 2nd period - Oskar Sundqvist wins face-off versus Jason Dickinson in LOS ANGELES SEALS zone.
19:54 of 2nd period - Shot by Jason Dickinson.
19:54 of 2nd period - Stopped by Cal Petersen with a rebound.
19:56 of 2nd period - Shot by Jason Dickinson.
19:56 of 2nd period - Deflect By Michael Raffl.
19:56 of 2nd period - Goal by Michael Raffl - WINNIPEG BEAVERS : 1 - LOS ANGELES SEALS : 2.
19:57 of 2nd period - Radek Faksa wins face-off versus Travis Zajac in neutral zone.
Goals for this period are 1 for WINNIPEG BEAVERS vs 1 for LOS ANGELES SEALS.
Shots for this period are 13 for WINNIPEG BEAVERS vs 8 for LOS ANGELES SEALS.

3rd period


0:01 of 3rd period - Dylan Strome wins face-off versus Travis Zajac in neutral zone.
0:20 of 3rd period - Shot by Brad Marchand.
0:20 of 3rd period - Shot Misses the Net.
1:15 of 3rd period - Shot by David Krejci.
1:15 of 3rd period - Stopped by Cal Petersen without a rebound.
1:16 of 3rd period - Radek Faksa wins face-off versus Joel Armia in LOS ANGELES SEALS zone.
1:31 of 3rd period - Icing by Michael Raffl.
1:32 of 3rd period - Oskar Sundqvist wins face-off versus Jason Dickinson in WINNIPEG BEAVERS zone.
1:43 of 3rd period - Shot by Jason Dickinson.
1:43 of 3rd period - Shot Misses the Net.
1:45 of 3rd period - Shot by Michael Raffl.
1:45 of 3rd period - Shot Blocked by Oskar Sundqvist.
1:53 of 3rd period - Shot by Joel Armia.
1:53 of 3rd period - Shot Blocked by Marcus Pettersson.
1:55 of 3rd period - Shot by Dylan DeMelo.
1:55 of 3rd period - Shot Misses the Net.
2:15 of 3rd period - Joe Pavelski is hit by Oskar Sundqvist and loses puck.
3:06 of 3rd period - Shot by Jakob Silfverberg.
3:06 of 3rd period - Stopped by Linus Ullmark without a rebound.
3:07 of 3rd period - David Krejci wins face-off versus Matt Duchene in WINNIPEG BEAVERS zone.
3:51 of 3rd period - Icing by Ondrej Palat.
3:52 of 3rd period - Radek Faksa wins face-off versus David Krejci in WINNIPEG BEAVERS zone.
4:11 of 3rd period - Shot by Owen Tippett.
4:11 of 3rd period - Goal by Owen Tippett - WINNIPEG BEAVERS : 1 - LOS ANGELES SEALS : 3.
4:12 of 3rd period - Travis Zajac wins face-off versus Dylan Strome in neutral zone.
4:21 of 3rd period - Shot by Joe Pavelski.
4:21 of 3rd period - Shot Misses the Net.
4:27 of 3rd period - Shot by Erik Haula.
4:27 of 3rd period - Stopped by Linus Ullmark without a rebound.
4:28 of 3rd period - Jason Dickinson wins face-off versus Radek Faksa in WINNIPEG BEAVERS zone.
4:33 of 3rd period - Shot by Michael Raffl.
4:33 of 3rd period - Stopped by Cal Petersen with a rebound.
4:55 of 3rd period - Shot by Joel Armia.
4:55 of 3rd period - Shot Blocked by Ryan Murray.
5:27 of 3rd period - Joe Pavelski is hit by Ryan Murray and loses puck.
5:36 of 3rd period - Shot by Brad Marchand.
5:36 of 3rd period - Shot Misses the Net.
5:38 of 3rd period - Shot by Brad Marchand.
5:38 of 3rd period - Shot Misses the Net.
5:50 of 3rd period - Shot by Joe Pavelski.
5:50 of 3rd period - Stopped by Cal Petersen without a rebound.
5:51 of 3rd period - David Krejci wins face-off versus Dylan Strome in LOS ANGELES SEALS zone.
5:57 of 3rd period - Icing by Marcus Pettersson.
5:58 of 3rd period - Dylan Strome wins face-off versus David Krejci in LOS ANGELES SEALS zone.
6:43 of 3rd period - Shot by Ondrej Palat.
6:43 of 3rd period - Shot Blocked by Erik Haula.
6:57 of 3rd period - Shot by Brad Marchand.
6:57 of 3rd period - Deflect By Joe Pavelski.
6:57 of 3rd period - Shot Misses the Net.
7:06 of 3rd period - Icing by Noah Dobson.
7:07 of 3rd period - Jason Dickinson wins face-off versus Dylan Strome in LOS ANGELES SEALS zone.
7:13 of 3rd period - Jason Dickinson is hit by Marcus Pettersson and loses puck.
7:28 of 3rd period - Shot by Michael Raffl.
7:28 of 3rd period - Shot Misses the Net.
8:16 of 3rd period - Shot by Joe Pavelski.
8:16 of 3rd period - Shot Blocked by Tobias Bjornfot.
8:18 of 3rd period - Shot by Joe Pavelski.
8:18 of 3rd period - Shot Misses the Net.
8:20 of 3rd period - Shot by Joe Pavelski.
8:20 of 3rd period - Stopped by Cal Petersen with a rebound.
11:41 of 3rd period - Icing by Dylan Strome.
11:42 of 3rd period - Matt Duchene wins face-off versus Joe Pavelski in LOS ANGELES SEALS zone.
11:51 of 3rd period - Tyler Johnson is hit by Brad Marchand and loses puck.
13:19 of 3rd period - Shot by Radek Faksa.
13:19 of 3rd period - Shot Misses the Net.
13:21 of 3rd period - Shot by Radek Faksa.
13:21 of 3rd period - Stopped by Linus Ullmark without a rebound.
13:22 of 3rd period - Jason Dickinson wins face-off versus Isac Lundestrom in WINNIPEG BEAVERS zone.
13:22 of 3rd period - Jason Dickinson is hit by Jack Roslovic.
13:30 of 3rd period - Shot by Michael Raffl.
13:30 of 3rd period - Stopped by Cal Petersen without a rebound.
13:31 of 3rd period - Radek Faksa wins face-off versus Travis Zajac in LOS ANGELES SEALS zone.
13:37 of 3rd period - Owen Tippett is hit by Rasmus Ristolainen and loses puck.
14:20 of 3rd period - Shot by Jack Roslovic.
14:20 of 3rd period - Shot Misses the Net.
14:22 of 3rd period - Shot by Oskar Sundqvist.
14:22 of 3rd period - Stopped by Linus Ullmark with a rebound.
14:30 of 3rd period - Shot by Oskar Sundqvist.
14:30 of 3rd period - Stopped by Linus Ullmark without a rebound.
14:31 of 3rd period - Jason Dickinson wins face-off versus Oskar Sundqvist in WINNIPEG BEAVERS zone.
14:54 of 3rd period - Shot by Jason Dickinson.
14:54 of 3rd period - Stopped by Cal Petersen without a rebound.
14:55 of 3rd period - Radek Faksa wins face-off versus David Krejci in LOS ANGELES SEALS zone.
14:55 of 3rd period - Owen Tippett is hit by Brandon Tanev and loses puck.
15:28 of 3rd period - Icing by Kris Russell.
15:29 of 3rd period - Oskar Sundqvist wins face-off versus David Krejci in WINNIPEG BEAVERS zone.
15:53 of 3rd period - Icing by Tobias Bjornfot.
15:54 of 3rd period - Michael Raffl wins face-off versus Oskar Sundqvist in LOS ANGELES SEALS zone.
16:15 of 3rd period - Shot by Oskar Sundqvist.
16:15 of 3rd period - Shot Misses the Net.
16:29 of 3rd period - Justin Braun is hit by Owen Tippett and loses puck.
16:40 of 3rd period - Shot by Darren Helm.
16:40 of 3rd period - Deflect By Radek Faksa.
16:40 of 3rd period - Stopped by Linus Ullmark without a rebound.
16:41 of 3rd period - Travis Zajac wins face-off versus Dylan Strome in WINNIPEG BEAVERS zone.
17:08 of 3rd period - Shot by Joe Pavelski.
17:08 of 3rd period - Stopped by Cal Petersen without a rebound.
17:09 of 3rd period - Matt Duchene wins face-off versus David Krejci in LOS ANGELES SEALS zone.
17:09 of 3rd period - Adam Boqvist is hit by Brandon Tanev.
17:12 of 3rd period - Minor Penalty to Brandon Tanev for Hooking.
17:13 of 3rd period - Sean Kuraly wins face-off versus Matt Duchene in WINNIPEG BEAVERS zone.
17:28 of 3rd period - Shot by Adam Boqvist.
17:28 of 3rd period - Shot Misses the Net.
18:06 of 3rd period - Shot by Jakob Silfverberg.
18:06 of 3rd period - Stopped by Linus Ullmark with a rebound.
18:08 of 3rd period - Shot by Jakob Silfverberg.
18:08 of 3rd period - Shot Misses the Net.
18:17 of 3rd period - Icing by Noah Dobson.
18:18 of 3rd period - Sean Kuraly wins face-off versus Radek Faksa in LOS ANGELES SEALS zone.
18:28 of 3rd period - Icing by Noah Dobson.
18:29 of 3rd period - Radek Faksa wins face-off versus Sean Kuraly in LOS ANGELES SEALS zone.
18:44 of 3rd period - Shot by Erik Haula.
18:44 of 3rd period - Shot Misses the Net.
18:46 of 3rd period - Shot by Noah Dobson.
18:46 of 3rd period - Shot Misses the Net.
18:48 of 3rd period - Shot by Radek Faksa.
18:48 of 3rd period - Shot Blocked by Dylan DeMelo.
19:13 of 3rd period - Icing by Radek Faksa.
19:14 of 3rd period - David Krejci wins face-off versus Matt Duchene in LOS ANGELES SEALS zone.
19:18 of 3rd period - Icing by Adam Boqvist.
19:19 of 3rd period - Matt Duchene wins face-off versus David Krejci in LOS ANGELES SEALS zone.
19:21 of 3rd period - Icing by Tyler Johnson.
19:22 of 3rd period - David Krejci wins face-off versus Matt Duchene in LOS ANGELES SEALS zone.
19:41 of 3rd period - Matt Duchene is hit by Kris Russell and loses puck.
19:44 of 3rd period - Shot by Matt Duchene.
19:44 of 3rd period - Deflect By Jaret Anderson-Dolan.
19:44 of 3rd period - Shot Misses the Net.
Goals for this period are 0 for WINNIPEG BEAVERS vs 1 for LOS ANGELES SEALS.
Shots for this period are 7 for WINNIPEG BEAVERS vs 8 for LOS ANGELES SEALS.


RYAN
NUGENT-HOPKINS
THATCHER
DEMKO
MITCHELL
MARNER

EAST COAST

HOCKEY LEAGUE

  • 13.MAN3PIT5
  • 14.NHW2ATL3
  • 15.PET5WOR4
  • 16.RHI30
  • 17.QUECHI
  • 18.CHALIM
  • 19.TRVLON
  • 20.CHWBAL